 Dungeon Crawl Stone Soup version 0.17-a0-1591-g7a45446 (webtiles) character file.

114 Denzi the Poker (level 4, -4/35 HPs)
             Began as a Merfolk Abyssal Knight on July 29, 2015.
             Was a Believer of Lugonu.
             Slain by a killer bee (6 damage)
             ... on level 2 of the Dungeon.
             The game lasted 00:06:13 (2489 turns).

Denzi the Poker (Merfolk Abyssal Knight)            Turns: 2489, Time: 00:06:13

Health: -4/35      AC:  3    Str: 13    XL:     4   Next: 97%
Magic:  4/5        EV: 12    Int: 11    God:    Lugonu [**....]
Gold:   143        SH:  0    Dex: 13    Spells: 0 memorised, 3 levels left

rFire  . . .     SeeInvis .     a - +1 spear
rCold  + . .     Clarity  .     b - +0 leather armour
rNeg   . . .     SustAt   .     (no shield)
rPois  .         Gourm    .     (no helmet)
rElec  .         Spirit   .     (no cloak)
rCorr  .         Warding  .     (no gloves)
rMut   .         Stasis   .     (no boots)
MR     .....                    (no amulet)
Stlth  +.........               (no ring)
                                d - ring of protection from cold

@: lethally poisoned (-4 -> -13), not resistant to hostile enchantments, very
unstealthy
A: change form in water, swift swim
a: Depart the Abyss, Bend Space, Renounce Religion


You were on level 2 of the Dungeon.
You worshipped Lugonu.
Lugonu was pleased with you.
You were not hungry.

You visited 1 branch of the dungeon, and saw 3 of its levels.
You visited the Abyss 1 time.

You collected 143 gold pieces.

Inventory:

Hand weapons
 a - a +1 spear (weapon)
 s - a +0 glaive
Missiles
 i - 102 stones (quivered)
Armour
 b - a +0 leather armour (worn)
 n - a swamp dragon hide
Jewellery
 d - a ring of protection from cold (left hand)
 g - an uncursed ring of ice {unknown}
Magical devices
 q - a wand of frost (18)
 x - a wand of lightning (11)
Scrolls
 f - 3 scrolls of identify {unknown}
 l - 2 scrolls of remove curse {unknown}
 m - 2 scrolls of recharging {unknown}
 p - 2 scrolls of fog {unknown}
 t - a scroll of teleportation {unknown}
 w - a scroll of blinking {unknown}
Potions
 e - 2 potions of curing {unknown}
 h - a potion of agility {unknown}
 j - a potion of cure mutation {unknown}
 k - 2 potions of degeneration {unknown}
 r - a potion of lignification {unknown}
 u - 2 potions of poison {unknown}
Comestibles
 c - a bread ration
 o - 2 beef jerkies
 v - 5 chunks of flesh


   Skills:
 - Level 3.2 Fighting
 + Level 7.2 Polearms
 - Level 0.6 Armour
 - Level 2.6 Dodging
 - Level 2.0 Invocations


You had 3 spell levels left.
You didn't know any spells.

Dungeon Overview and Level Annotations

Branches:
Dungeon (3/15)

Altars:
Fedhas
Gozag
The Shining One


Message History

The killer bee poisons you!
You closely miss the killer bee.
You feel sick. The killer bee stings you! The killer bee stings you.
* * * LOW HITPOINT WARNING * * *
You are too injured to fight recklessly!
You are too injured to fight recklessly!
* * * LOW HITPOINT WARNING * * *
You feel sick. The killer bee closely misses you.
The killer bee closely misses you.
Use which ability? (? or * to list) Space bends around you!
You blink.
* * * LOW HITPOINT WARNING * * *
You feel slightly more hungry.
* * * LOW HITPOINT WARNING * * *
You feel sick.
* * * LOW HITPOINT WARNING * * *
You feel sick.
* * * LOW HITPOINT WARNING * * *
You feel sick. The killer bee stings you.
You die...

##.##.#..........................
##.##.#...####.#.###.############
##.##.#........#.# #.........†...
##.##.##..###....###.############
....................>............
##.##.###.####.#)###§.###########
##.##.................#
##.######.###.##y###..# ##.#
#.......@.....# #.#
#.##.###.###.############ #.#
#.##....................# #.#
#.##..##.###.##########.# #.#
#.##..#<................. #.#
#.##..##.###.##########.# #.#
#.##..##.#.........# #.. ##.#
#.##..##.#.#.#####.# #.# ...#
#.##..##.#.#.# #.# #.#


You could see a killer bee.

Vanquished Creatures
  5 adders
  A worm (D:2)
  4 giant geckos
  An orc (D:3)
  4 bats
  9 giant cockroaches
  7 goblins
  9 hobgoblins
  4 jackals (D:2)
  11 kobolds
  2 ball pythons (D:1)
  4 giant newts
  5 rats
66 creatures vanquished.

Notes
Turn   | Place    | Note
--------------------------------------------------------------
     0 | Abyss:1  | Denzi the Merfolk Abyssal Knight began the quest for the Orb.
     0 | Abyss:1  | Reached XP level 1. HP: 18/18 MP: 2/2
    26 | Abyss:1  | Found a corrupted altar of Lugonu.
    47 | Abyss:1  | Noticed an ancient zyme
    47 | D:1      | Escaped the Abyss
    69 | D:1      | Acquired Lugonu's first power
   112 | D:1      | Reached skill level 4 in Polearms
   112 | D:1      | Reached XP level 2. HP: 17/24 MP: 3/3
   636 | D:2      | Reached skill level 5 in Polearms
   636 | D:2      | Reached XP level 3. HP: 25/29 MP: 4/4
   824 | D:2      | Found a blossoming altar of Fedhas.
  1049 | D:2      | Acquired Lugonu's second power
  1346 | D:2      | Reached skill level 6 in Polearms
  1385 | D:2      | Reached XP level 4. HP: 22/35 MP: 5/5
  1966 | D:2      | Found an opulent altar of Gozag.
  2128 | D:3      | Found a glowing golden altar of the Shining One.
  2202 | D:3      | Reached skill level 7 in Polearms
  2489 | D:2      | Slain by a killer bee

Vault maps used:
D:1:      dpeg_arrival_arbitrary_c, minmay_misc_feat_rows,
          hangedman_feature_mirror, serial_bayou_lake_a
D:2:      lemuel_coloured_pillars_altar, fedhas_altar_2
D:3:      tso_metal_star, old_standard_altar, minmay_close_crescents

Action                   |  1- 3 |  4- 6 || total
-------------------------+-------+-------++-------
Melee: Spear             |   154 |   122 ||   276
Invok: Depart the Abyss  |     1 |       ||     1
       Bend Space        |       |     1 ||     1
 Stab: Sleeping          |     1 |       ||     1
  Eat: Pizza             |     1 |       ||     1
       Chunk             |       |     4 ||     4
